 Dungeon Crawl Stone Soup version 0.23.2-1-ga50397a6bc (webtiles) character file.

Game seed: 6298371834242748454

4680 Kobolds4U the Cleaver (level 10, -1/93 HPs)
             Began as a Minotaur Fighter on Apr 25, 2019.
             Was a Follower of Qazlal.
             Slain by a komodo dragon (22 damage)
             ... on level 8 of the Dungeon.
             The game lasted 00:11:50 (7978 turns).

Kobolds4U the Cleaver (Minotaur Fighter)            Turns: 7978, Time: 00:11:51

Health: -1/93      AC: 12    Str: 20    XL:     10   Next: 21%
Magic:  10/10      EV: 13    Int: 11    God:    Qazlal [*.....]
Gold:   168        SH: 11    Dex: 13    Spells: 9/9 levels left

rFire    . . .     SeeInvis .   a - +0 war axe
rCold    . . .     Gourm    .   c - +0 shield
rNeg     . . .     Faith    .   b - +0 scale mail
rPois    .         Spirit   .   v - +0 hat
rElec    .         Reflect  .   (no cloak)
rCorr    .         Harm     .   n - +2 pair of gloves
MR       .....                  C - +1 pair of boots
Stlth    ..........             (no amulet)
HPRegen  0.25/turn              (no ring)
MPRegen  0.12/turn              (no ring)

@: brilliant
A: retaliatory headbutt, horns 2
a: Renounce Religion


You were on level 8 of the Dungeon.
You worshipped Qazlal.
Qazlal was aware of your devotion.
You were hungry.

You visited 2 branches of the dungeon, and saw 9 of its levels.

You collected 336 gold pieces.
You spent 168 gold pieces at shops.

Inventory:

Hand Weapons
 a - a +0 war axe (weapon)
Missiles
 q - 9 tomahawks (quivered)
Armour
 b - a +0 scale mail (worn)
 c - a +0 shield (worn)
 n - a +2 pair of gloves (worn)
 v - a +0 hat (worn)
 C - a +1 pair of boots (worn)
Jewellery
 E - an uncursed ring of ice {unknown}
Wands
 A - a wand of iceblast (5)
 B - a wand of polymorph (6)
Scrolls
 e - 6 scrolls of identify
 g - a scroll of random uselessness {unknown}
 i - 2 scrolls of enchant weapon {unknown}
 j - 7 scrolls of teleportation
 l - 3 scrolls of magic mapping
 r - 4 scrolls of enchant armour
 s - 3 scrolls of amnesia {unknown}
 t - a scroll of immolation {unknown}
 u - 4 scrolls of fog
 x - a scroll of torment
 y - 3 scrolls of remove curse {unknown}
 D - a scroll of acquirement {unknown}
Potions
 d - 2 potions of might
 h - 3 potions of curing
 k - a potion of flight {unknown}
 m - a potion of degeneration {unknown}
 o - a potion of haste {unknown}
 p - a potion of brilliance
 w - a potion of ambrosia {unknown}
 z - a potion of magic {unknown}
Comestibles
 f - 8 rations


   Skills:
 - Level 10.0 Fighting
 + Level 10.5 Axes
 - Level 3.6 Armour
 - Level 10.0 Dodging
 - Level 3.6 Shields
 + Level 2.3 Invocations


You had 9 spell levels left.
You didn't know any spells.
Your spell library contained the following spells:

 Spells                   Type           Power        Failure   Level  Hunger
 Magic Dart               Conj           #...         38%         1    ##.....
 Sting                    Conj/Pois      #...         38%         1    ##.....
 Blink                    Tloc           N/A          50%         2    ###....
 Call Imp                 Summ           #.......     50%         2    ###....
 Poisonous Vapours        Pois/Air       #.....       50%         2    ###....
 Slow                     Hex            #.......     50%         2    ###....
 Conjure Flame            Conj/Fire      #.......     71%         3    ####...
 Mephitic Cloud           Conj/Pois/Air  #.......     71%         3    ####...
 Olgreb's Toxic Radiance  Pois           #.......     96%         4    #####..
 Venom Bolt               Conj/Pois      #.........   100%        5    ######.


Dungeon Overview and Level Annotations

Branches:
Dungeon (8/15)             Temple (1/1) D:6            Lair (0/6) D:8

Altars:
Ashenzari
Cheibriados
Dithmenos
Elyvilon
Fedhas
Gozag
Hepliaklqana
Makhleb
Nemelex Xobeh
Okawaru
Qazlal
Ru
Trog
Wu Jian
Xom
The Shining One

Shops:
D:4 ?

Annotations:
D:7 2 transporters, spacerossing's ghost, novice GrFi
D:8 Erica


Innate Abilities, Weirdness & Mutations

You reflexively headbutt those who attack you in melee.
You have a pair of horns on your head.


Message History

Erica burns you. The komodo dragon barely misses you.
You closely miss the komodo dragon. You hit the plant but do no damage.
You closely miss Erica. Erica hits you but does no damage.
The komodo dragon hisses menacingly.
The komodo dragon bites you!!
* * * LOW HITPOINT WARNING * * *
You hit the komodo dragon but do no damage.
You hit the plant but do no damage.
Your shield and scale mail prevent you from hitting Erica.
Erica hits you with a +0 scimitar of flaming!
* * * LOW HITPOINT WARNING * * *
Erica burns you.
* * * LOW HITPOINT WARNING * * *
The komodo dragon barely misses you.
It was a potion of brilliance.
You feel clever all of a sudden.
The komodo dragon bites you but does no damage.
You block Erica's attack.
You feel better. The komodo dragon bites you!!
You die...

....#################
..#.................##
#.#.##########..###..##
#.#.# ##.# #...## #.#.#
#.##...PP# #.#.#
#.#.....PP #.#.#
#.#...PPPP #...#


#@)l.PPPPP ##### #.@P..PPPP #..☼.P..PP ##..PP..PP #.PPP.>.P ##..P...P ..PPPPP
#PPPPP# ###### You could see Erica and a komodo dragon.

Vanquished Creatures
  2 deep elf magi (D:7)
  Prince Ribbit (D:7)
  Grinder (D:6)
  A hippogriff (D:8)
  A wyvern (D:8)
  A hungry ghost (D:8)
  A water moccasin (D:5)
  2 ice beasts
  A phantom (D:8)
  3 sky beasts
  4 ogres
  7 centaurs
  A big kobold (D:8)
  4 bullfrogs
  6 killer bees (D:7)
  4 wights (D:6)
  A quasit (D:6)
  2 orc priests
  2 hounds
  Terence (D:3)
  Jessica (D:3)
  A centaur skeleton (D:5)
  3 orc wizards
  11 worker ants
  Robin (D:4)
  5 adders
  3 shadow imps
  An adder zombie (D:6)
  2 worms (D:2)
  3 leopard geckos
  21 orcs
  7 bats
  3 giant cockroaches
  14 goblins
  5 hobgoblins
  4 jackals
  9 kobolds
  3 quokkas
  4 ball pythons
  7 frilled lizards
  A jackal zombie (D:6)
  4 rats
159 creatures vanquished.

Vanquished Creatures (others)
  An ogre (D:8)
  A howler monkey (D:8)
  2 crimson imps (D:8)
  A quokka (D:2)
  A kobold (D:8)
  7 plants
13 creatures vanquished.

Grand Total: 172 creatures vanquished

Notes
Turn   | Place    | Note
-------+----------+-------------------------------------------
     0 | D:1      | Kobolds4U the Minotaur Fighter began the quest for the Orb.
     0 | D:1      | Reached XP level 1. HP: 19/19 MP: 0/0
   323 | D:1      | Reached XP level 2. HP: 27/27 MP: 1/1
   943 | D:2      | Found a white marble altar of Elyvilon.
   946 | D:2      | Reached XP level 3. HP: 34/34 MP: 2/2
  1091 | D:2      | Found a faded altar of an unknown god.
  1795 | D:3      | Noticed Jessica
  1810 | D:3      | Killed Jessica
  1810 | D:3      | Reached XP level 4. HP: 41/41 MP: 3/3
  2107 | D:3      | Noticed Terence
  2124 | D:3      | Killed Terence
  2124 | D:3      | Reached skill level 5 in Fighting
  2593 | D:4      | Found a blossoming altar of Fedhas.
  2778 | D:4      | Reached XP level 5. HP: 49/50 MP: 4/4
  2790 | D:4      | Reached skill level 5 in Axes
  2833 | D:4      | Noticed Robin
  2845 | D:4      | Killed Robin
  3007 | D:4      | Found Gut Tyn's Magic Scroll Shop.
  3012 | D:4      | Bought a scroll of magic mapping for 42 gold pieces
  3012 | D:4      | Bought a scroll of torment for 90 gold pieces
  3012 | D:4      | Bought a scroll of teleportation for 36 gold pieces
  3155 | D:5      | Entered Level 5 of the Dungeon
  3201 | D:5      | Reached skill level 1 in Dodging
  3217 | D:5      | Reached XP level 6. HP: 54/57 MP: 5/5
  3580 | D:5      | Noticed a water moccasin
  3587 | D:5      | Killed a water moccasin
  3587 | D:5      | Reached XP level 7. HP: 47/64 MP: 6/6
  4237 | D:6      | Reached skill level 5 in Dodging
  4365 | D:5      | Reached XP level 8. HP: 36/73 MP: 7/7
  5195 | D:6      | Found a staircase to the Ecumenical Temple.
  5211 | D:6      | Noticed Grinder
  5224 | Temple   | Entered the Ecumenical Temple
  5266 | Temple   | Became a worshipper of Qazlal Stormbringer
  5313 | D:6      | Paralysed by Grinder for 4 turns
  5320 | D:6      | Killed Grinder
  5702 | D:6      | Reached XP level 9. HP: 76/82 MP: 8/8
  5787 | D:6      | Found a hazy altar of Hepliaklqana.
  5851 | D:7      | Noticed Prince Ribbit
  6159 | D:7      | Found a transporter.
  6160 | D:7      | Noticed spacerossing's ghost (novice GrFi)
  6286 | D:7      | Killed Prince Ribbit
  6613 | D:7      | Reached * piety under Qazlal
  6737 | D:7      | Found a burning altar of Makhleb.
  6737 | D:7      | Noticed a deep elf mage
  6737 | D:7      | Noticed a deep elf mage
  6851 | D:7      | Noticed a demonic crawler
  6853 | D:7      | Killed a deep elf mage
  6853 | D:7      | Reached skill level 10 in Fighting
  7102 | D:7      | Killed a deep elf mage
  7102 | D:7      | Reached skill level 10 in Axes
  7363 | D:7      | Found a transporter.
  7365 | D:7      | Identified the amulet of Iginited {+Rage rElec rN+ Str-2
                  | Int+3}
  7608 | D:8      | Reached XP level 10. HP: 93/93 MP: 9/9
  7616 | D:8      | Found a shimmering altar of Xom.
  7623 | D:8      | Reached skill level 1 in Invocations
  7811 | D:8      | Found a sparkling altar of Nemelex Xobeh.
  7864 | D:8      | Found a snail-covered altar of Cheibriados.
  7881 | D:8      | Reached skill level 10 in Dodging
  7959 | D:8      | Noticed Erica
  7961 | D:8      | Found a staircase to the Lair.
  7978 | D:8      | Slain by a komodo dragon

Skill      XL: |  1  2  3  4  5  6  7  8  9 10 |
---------------+-------------------------------+-----
Fighting       | 4 5 6 7 8 10 | 10.0
Axes           | 3 4 5 6 8 10 | 10.5
Dodging        | 1 3 5 7 9 10 | 10.0
Invocations    | 2 |  2.3
Armour         | |  3.6
Shields        | |  3.6

Action                   |  1- 3 |  4- 6 |  7- 9 | 10-12 || total
-------------------------+-------+-------+-------+-------++-------
Melee: War axe           |    73 |   116 |   267 |    46 ||   502
       Headbutt          |    11 |    19 |    65 |     9 ||   104
  Use: Scroll            |       |     3 |       |       ||     3
       Potion            |       |       |       |     2 ||     2
  Eat: Chunk             |     3 |     6 |    13 |       ||    22
Armor: Scale mail        |    44 |    50 |   124 |    12 ||   230
Dodge: Dodged            |    26 |    39 |   131 |    27 ||   223
Block: Shield            |    37 |    60 |   130 |    25 ||   252
